[Event "December 12 Early 2023"]
[Site "https://www.chess.com"]
[Date "2023.12.12"]
[Round "5"]
[White "Estrada Nieto, Julian"]
[Black "Barbot, Pierre"]
[Result "1-0"]
[Board "142"]
[TimeControl "180+1"]
[WhiteFideId "5101018"]
[BlackFideId "663727"]
[WhiteElo "2525"]
[BlackElo "2319"]
[WhiteTeam "ESP"]
[BlackTeam "FRA"]
[WhiteClock "0:00:07"]
[BlackClock "0:00:00"]

1. e4 c6 2. d4 d5 3. Nc3 dxe4 4. Nxe4 Nf6 5. Nxf6+ exf6 6. c3 Bd6 7. Bd3 O-O 8. Ne2 Re8 9. O-O Nd7 10. Ng3 g6 11. Bh6 Nf8 12. Qd2 f5 13. Bf4 Ne6 14. Bxd6 Qxd6 15. Rfe1 Bd7 16. Bc4 Nf4 17. Re3 b5 18. Bb3 c5 19. Rd1 c4 20. Bc2 Bc6 21. f3 Rxe3 22. Qxe3 Re8 23. Qd2 h5 24. Re1 Rxe1+ 25. Qxe1 h4 26. Ne2 Qe7 27. Kf1 Nd5 28. Bb1 h3 29. gxh3 Ne3+ 30. Kf2 Qh4+ 31. Ng3 f4 32. Ke2 fxg3 33. hxg3 Qg5 34. Kf2 Nf5 35. Qe5 Kh7 36. Bxf5 Qxf5 37. Qc7 Qc2+ 38. Ke3 Bd5 39. Qd7 Qd3+ 40. Kf4 Be6 41. Qxa7 Qf5+ 42. Ke3 Qd3+ 43. Kf4 Bd5 44. Ke5 Qxf3 45. Kd6 Qf5 46. Qe7 Qe6+ 47. Qxe6 Bxe6 48. Kc5 Bd7 49. Kd6 Be8 50. Ke7 Bc6 51. Kd6 Bf3 52. Kc5 f5 53. Kxb5 g5 54. a4 Bg2 55. h4 gxh4 56. gxh4 f4 57. Kxc4 Bf1+ 58. Kd5 Be2 59. Ke4 f3 60. Ke3 Kg6 61. a5 Kh5 62. a6 Bxa6 63. Kxf3 Kxh4 64. Ke4 Kg5 65. Ke5 Kg6 66. b3 Kf7 67. Kd6 Ke8 68. Kc7 Bd3 69. c4 1-0

[Event "December 12 Early 2023"]
[Site "https://www.chess.com"]
[Date "2023.12.12"]
[Round "5"]
[White "Rose, Felix"]
[Black "Batsiashvili, Nino"]
[Result "0-1"]
[Board "143"]
[TimeControl "180+1"]
[WhiteFideId "5105722"]
[BlackFideId "13602993"]
[WhiteElo "2314"]
[BlackElo "2522"]
[WhiteTeam "MEX"]
[BlackTeam "GEO"]
[WhiteClock "0:00:05"]
[BlackClock "0:00:19"]

1. e4 b6 2. d4 Bb7 3. Bd3 e6 4. Nf3 Nf6 5. Qe2 c5 6. c3 Be7 7. O-O d5 8. e5 Ne4 9. Nbd2 Nxd2 10. Bxd2 Nc6 11. g3 h6 12. h4 Qd7 13. a3 O-O-O 14. dxc5 Bxc5 15. Ba6 Bxa6 16. Qxa6+ Qb7 17. Qxb7+ Kxb7 18. b4 Be7 19. Be3 f6 20. Bd4 Nxd4 21. cxd4 f5 22. h5 Rc8 23. Rfc1 Ka6 24. Ne1 Bg5 25. f4 Be7 26. Nd3 Rc4 27. Rxc4 dxc4 28. Nb2 Rc8 29. Rc1 Kb5 30. Kf2 a5 31. bxa5 bxa5 32. a4+ Kb4 33. Ke3 c3 34. Nd3+ Kxa4 35. Ra1+ Kb5 36. Rb1+ Bb4 37. d5 c2 38. Rc1 exd5 39. Nxb4 axb4 40. Kd3 b3 41. e6 b2 42. Rxc2 b1=Q 43. Kd4 Qxc2 44. Ke5 Qe4+ 45. Kd6 Re8 46. g4 Qxe6+ 0-1

[Event "December 12 Early 2023"]
[Site "https://www.chess.com"]
[Date "2023.12.12"]
[Round "5"]
[White "Monpeurt, Cyrielle"]
[Black "Shinkarev, M"]
[Result "1-0"]
[Board "144"]
[TimeControl "180+1"]
[WhiteFideId "677400"]
[BlackFideId "4145348"]
[WhiteElo "2248"]
[BlackElo "2500"]
[WhiteTeam "FRA"]
[BlackTeam "RUS"]
[WhiteClock "0:00:07"]
[BlackClock "0:00:00"]

1. Nf3 d5 2. c4 c6 3. g3 g6 4. Bg2 Bg7 5. O-O Nf6 6. d4 O-O 7. Nc3 Ne4 8. Bf4 Nxc3 9. bxc3 dxc4 10. Ne5 Be6 11. e4 f6 12. Nf3 Bf7 13. Rb1 b5 14. a4 a6 15. Qe2 Nd7 16. Rfd1 Nb6 17. a5 Na4 18. e5 Bd5 19. Qe3 Qxa5 20. Ra1 Qxc3 21. Qe2 Qb2 22. Qe1 c3 23. Rdb1 Qc2 24. Rc1 Qe4 25. Qf1 fxe5 26. Nh4 Rxf4 27. Bxe4 Rxe4 28. dxe5 Bxe5 29. Re1 Bf6 30. Rxe4 Bxe4 31. Qe2 Bd5 32. Rc1 Bc4 33. Qe4 Bd5 34. Qe2 Nc5 35. Nf3 Nb3 36. Rc2 Kg7 37. Qe3 b4 38. Ne5 Na1 39. Rc1 b3 40. Rxa1 b2 41. Rb1 Rb8 42. Qxc3 Rb3 43. Qd4 c5 44. Qxd5 Rc3 45. Rxb2 1-0

[Event "December 12 Early 2023"]
[Site "https://www.chess.com"]
[Date "2023.12.12"]
[Round "5"]
[White "Tuleyeva-Aketayeva, Dana"]
[Black "Ljukin, Sergei"]
[Result "1-0"]
[Board "145"]
[TimeControl "180+1"]
[WhiteFideId "13701932"]
[BlackFideId "14102200"]
[WhiteElo "2311"]
[BlackElo "2486"]
[WhiteTeam "KAZ"]
[BlackTeam "UKR"]
[WhiteClock "0:00:28"]
[BlackClock "0:00:00"]

1. d4 d5 2. Nf3 Nf6 3. g3 Bf5 4. Bg2 e6 5. O-O Bd6 6. c4 c6 7. Nc3 O-O 8. Nd2 b5 9. cxb5 cxb5 10. Nxb5 Be7 11. Nc3 Nc6 12. e3 Rc8 13. Nf3 Nb4 14. Nh4 Bg4 15. Qd2 Ne4 16. Nxe4 dxe4 17. Bxe4 Bxh4 18. Qxb4 Be7 19. Qe1 Bh3 20. Bg2 Bxg2 21. Kxg2 Rc2 22. b3 h5 23. Qd1 Qd5+ 24. Kg1 Rfc8 25. h4 Qf5 26. Kg2 Qg6 27. Bd2 Bxh4 28. Rc1 Rxc1 29. Bxc1 Be7 30. Rh1 h4 31. Qf3 Rc2 32. Qa8+ Bf8 33. Ba3 1-0

[Event "December 12 Early 2023"]
[Site "https://www.chess.com"]
[Date "2023.12.12"]
[Round "5"]
[White "Vanek, Tomas"]
[Black "Goncalves, Davi Sulzbacher"]
[Result "0-1"]
[Board "146"]
[TimeControl "180+1"]
[WhiteFideId "313459"]
[BlackFideId "2154510"]
[WhiteElo "2220"]
[BlackElo "2472"]
[WhiteTeam "CZE"]
[BlackTeam "BRA"]
[WhiteClock "0:00:38"]
[BlackClock "0:00:42"]

1. e4 c5 2. Nf3 e6 3. a3 Nc6 4. Bb5 Nge7 5. Nc3 a6 6. Ba4 b5 7. Bb3 c4 8. Ba2 d5 9. d4 Ng6 10. O-O Be7 11. Re1 O-O 12. b3 Bf6 13. Be3 Qa5 14. Qd2 Rd8 15. exd5 exd5 16. Bg5 Bxg5 17. Nxg5 Bf5 18. Nf3 Qxa3 19. bxc4 dxc4 20. Bxc4 Qb4 21. Bd5 Nxd4 22. Nxd4 Rxd5 23. Qe3 Qxd4 24. Qe8+ Rxe8 25. Rxe8+ Nf8 26. Nxd5 Qxa1+ 0-1

[Event "December 12 Early 2023"]
[Site "https://www.chess.com"]
[Date "2023.12.12"]
[Round "5"]
[White "Hrebenshchykova, Yelyzaveta"]
[Black "Quirke, Jeffrey"]
[Result "1-0"]
[Board "147"]
[TimeControl "180+1"]
[WhiteFideId "14159899"]
[BlackFideId "2013029"]
[WhiteElo "2470"]
[BlackElo "2160"]
[WhiteTeam "UKR"]
[BlackTeam "USA"]
[WhiteClock "0:00:40"]
[BlackClock "0:00:09"]

1. e4 d6 2. d4 Nf6 3. Nc3 e5 4. Nf3 Nbd7 5. Rg1 c6 6. g4 h6 7. Be3 Be7 8. h4 g6 9. g5 hxg5 10. hxg5 Nh5 11. Qd2 b5 12. a3 a5 13. d5 cxd5 14. exd5 Bb7 15. Bxb5 Kf8 16. O-O-O Nb6 17. Nd4 Kg7 18. Nc6 Bxc6 19. dxc6 Ra7 20. a4 Qc7 21. f4 Nxf4 22. Bxf4 exf4 23. Qd4+ Kg8 24. Rh1 Rh5 25. Rxh5 gxh5 26. Rg1 Nc8 27. Ne4 d5 28. Nf6+ Kf8 29. Nd7+ Kg8 30. g6 f6 31. Qxd5+ Kg7 32. Qf7+ Kh6 33. Qh7# 1-0

[Event "December 12 Early 2023"]
[Site "https://www.chess.com"]
[Date "2023.12.12"]
[Round "5"]
[White "Koridze, Lile"]
[Black "Janaszak, Dawid"]
[Result "0-1"]
[Board "148"]
[TimeControl "180+1"]
[WhiteFideId "13612514"]
[BlackFideId "1119206"]
[WhiteElo "2369"]
[BlackElo "2590"]
[WhiteTeam "GEO"]
[BlackTeam "POL"]
[WhiteClock "0:02:21"]
[BlackClock "0:02:48"]

1. d4 Nf6 2. c4 g6 3. Nc3 Bg7 4. e4 d6 5. Nf3 O-O 6. Be2 e5 7. Be3 h6 8. O-O Ng4 9. Qc1 Nxe3 10. Qxe3 Nc6 11. Rfd1 exd4 12. Nxd4 Nxd4 13. Rxd4 Bxd4 14. Qxd4 c6 15. Rd1 Be6 16. f4 Qb6 17. Qxb6 axb6 18. Rxd6 Rfd8 19. Rxd8+ Rxd8 20. Kf2 Rd2 21. b3 Rc2 0-1

[Event "December 12 Early 2023"]
[Site "https://www.chess.com"]
[Date "2023.12.12"]
[Round "5"]
[White "Gong, Qianyun"]
[Black "NovakRatko"]
[Result "1-0"]
[Board "149"]
[TimeControl "180+1"]
[WhiteFideId "8602425"]
[WhiteElo "2556"]
[BlackElo "2361"]
[WhiteTeam "SGP"]
[WhiteClock "0:00:21"]
[BlackClock "0:00:25"]

1. e4 d5 2. exd5 c6 3. d4 cxd5 4. Bd3 Nc6 5. c3 g6 6. Bf4 f6 7. Nd2 e5 8. Be3 e4 9. Bb5 f5 10. Ne2 Bg7 11. h4 Nf6 12. Nf4 a6 13. Ba4 O-O 14. Bb3 Ne7 15. g3 Ng4 16. Qe2 h6 17. O-O-O Qd6 18. c4 Kh7 19. Nxd5 Nxd5 20. cxd5 Nxe3 21. fxe3 b5 22. Kb1 Bb7 23. g4 Bxd5 24. h5 Bxb3 25. hxg6+ Qxg6 26. gxf5 Bxa2+ 27. Kxa2 Qxf5 28. Rdg1 Rac8 29. Rh5 Qf2 30. Qg4 Qf7+ 31. Ka1 Rg8 32. Qxe4+ Kh8 33. Rgh1 Rge8 34. Rxh6+ Bxh6 35. Rxh6+ Kg8 36. Qg2+ Kf8 37. Rh3 Rc1+ 38. Nb1 Re6 39. Qa8+ Re8 40. Rh8+ Ke7 41. Qb7+ Kf6 42. Rh6+ Kg7 43. Rh7+ Kxh7 44. Qxf7+ 1-0

[Event "December 12 Early 2023"]
[Site "https://www.chess.com"]
[Date "2023.12.12"]
[Round "5"]
[White "Nita, Lucian"]
[Black "Hajiyev, Kanan"]
[Result "0-1"]
[Board "150"]
[TimeControl "180+1"]
[WhiteFideId "1206923"]
[BlackFideId "13404148"]
[WhiteElo "2366"]
[BlackElo "2553"]
[WhiteTeam "ROU"]
[BlackTeam "AZE"]
[WhiteClock "0:01:06"]
[BlackClock "0:01:41"]

1. e4 c6 2. d3 d5 3. Nd2 a6 4. Ngf3 Nf6 5. Be2 Bg4 6. O-O e6 7. e5 Nfd7 8. d4 c5 9. c3 Nc6 10. Nb3 cxd4 11. cxd4 Be7 12. Be3 Qb6 13. Qd2 a5 14. Rfc1 a4 15. Nc5 Bxc5 16. dxc5 Qa5 17. Rc3 O-O 18. Bd4 a3 19. bxa3 Bxf3 20. Bxf3 Ndxe5 21. Be2 Nxd4 22. Qxd4 Nc6 23. Qd3 d4 24. Rb3 Qxc5 25. Rxb7 Rxa3 26. Qe4 Na5 27. Bd3 Rxd3 28. Qxd3 Nxb7 29. h4 Qc3 30. Rd1 Qxd3 31. Rxd3 e5 32. f3 Nc5 33. Ra3 Rd8 34. Ra5 d3 35. Rxc5 d2 0-1

[Event "December 12 Early 2023"]
[Site "https://www.chess.com"]
[Date "2023.12.12"]
[Round "5"]
[White "Gutkin, Ilya"]
[Black "ArrestingPieces"]
[Result "1-0"]
[Board "151"]
[TimeControl "180+1"]
[WhiteFideId "16203470"]
[WhiteElo "2356"]
[BlackElo "2536"]
[WhiteTeam "GER"]
[WhiteClock "0:00:02"]
[BlackClock "0:00:16"]

1. e4 e5 2. Nf3 Nc6 3. Bb5 a6 4. Ba4 Nf6 5. O-O Nxe4 6. Re1 Nc5 7. Bxc6 dxc6 8. Nxe5 Be7 9. d4 Ne6 10. c3 O-O 11. Be3 f6 12. Nf3 f5 13. Ne5 f4 14. Bd2 Ng5 15. Na3 f3 16. Bxg5 Bxg5 17. Nxf3 Bg4 18. Qb3+ Kh8 19. Nxg5 Qxg5 20. Re5 Qd2 21. Rf1 Be2 22. Nb1 Qd3 23. Re1 Rae8 24. Rxe8 Rxe8 25. Qf7 Rg8 26. Qxc7 Bd1 27. Na3 Qd2 28. Qe5 Rf8 29. Qe3 Qxb2 30. Nc4 Qb5 31. Nd6 Qd5 32. Qe7 Rg8 33. Nf7+ 1-0

[Event "December 12 Early 2023"]
[Site "https://www.chess.com"]
[Date "2023.12.12"]
[Round "5"]
[White "Osmak, Yuliia"]
[Black "Georg, Heinz"]
[Result "1-0"]
[Board "152"]
[TimeControl "180+1"]
[WhiteFideId "14101602"]
[BlackFideId "4607295"]
[WhiteElo "2535"]
[BlackElo "2354"]
[WhiteTeam "UKR"]
[BlackTeam "GER"]
[WhiteClock "0:00:51"]
[BlackClock "0:00:12"]

1. g3 f5 2. Nf3 Nf6 3. Bg2 g6 4. O-O Bg7 5. d3 O-O 6. Nbd2 d6 7. e4 Nc6 8. Re1 fxe4 9. Nxe4 Nxe4 10. Rxe4 Bf5 11. Re1 Qd7 12. Ng5 e5 13. c3 Rab8 14. h4 h6 15. Bd5+ Kh8 16. Ne4 Bg4 17. Qb3 Ne7 18. Nd2 c6 19. Bg2 d5 20. Nf1 b5 21. Be3 d4 22. cxd4 exd4 23. Bf4 Rbc8 24. Nh2 Rxf4 25. gxf4 Nd5 26. Bxd5 cxd5 27. Rac1 Rf8 28. Rc5 Be6 29. Qxb5 Qf7 30. Qc6 Qxf4 31. Qxe6 Qxf2+ 32. Kh1 Qxh4 33. Rc8 Rxc8 34. Qxc8+ Kh7 35. Qe6 h5 36. Rg1 Bf6 37. Qf7+ 1-0

[Event "December 12 Early 2023"]
[Site "https://www.chess.com"]
[Date "2023.12.12"]
[Round "5"]
[White "Gallegos Diaz, Carlos Alberto"]
[Black "Vakhidov, Shahzod"]
[Result "0-1"]
[Board "153"]
[TimeControl "180+1"]
[WhiteFideId "3900886"]
[BlackFideId "14205270"]
[WhiteElo "2352"]
[BlackElo "2532"]
[WhiteTeam "VEN"]
[BlackTeam "UZB"]
[WhiteClock "0:00:14"]
[BlackClock "0:00:36"]

1. e4 c5 2. Nf3 g6 3. d3 Bg7 4. Nbd2 Nc6 5. Be2 e6 6. O-O Nge7 7. c3 d5 8. Re1 O-O 9. h3 b6 10. Bf1 Bb7 11. exd5 Nxd5 12. Nc4 h6 13. a4 Kh7 14. a5 bxa5 15. Qa4 Qc7 16. Nxa5 Nxa5 17. Qxa5 Nb6 18. Nd2 Qc6 19. Nb3 c4 20. dxc4 Nxc4 21. Qc5 Nb6 22. Qxc6 Bxc6 23. Be3 Rfb8 24. Na5 Be8 25. Ba6 Rd8 26. Bb7 Rab8 27. Bf3 Nd5 28. Bc1 Rdc8 29. Ra4 Bxa4 0-1

[Event "December 12 Early 2023"]
[Site "https://www.chess.com"]
[Date "2023.12.12"]
[Round "5"]
[White "Bregu, Riza"]
[Black "Sharapov, Evgeny"]
[Result "1-0"]
[Board "154"]
[TimeControl "180+1"]
[WhiteFideId "4701739"]
[BlackFideId "14103133"]
[WhiteElo "2350"]
[BlackElo "2517"]
[WhiteTeam "ALB"]
[BlackTeam "UKR"]
[WhiteClock "0:02:13"]
[BlackClock "0:02:28"]

1. e4 c6 2. Nc3 d5 3. Nf3 dxe4 4. Nxe4 Bg4 5. h3 Bh5 6. g4 Bg6 7. Ng3 Nd7 8. d4 e6 9. h4 h6 10. h5 Bh7 11. g5 hxg5 12. Nxg5 Ngf6 13. Bf4 Nd5 14. Nxh7 Nxf4 15. Nxf8 Rxf8 16. Qg4 Qf6 17. O-O-O O-O-O 18. Ne4 Qf5 19. Nd6+ 1-0

[Event "December 12 Early 2023"]
[Site "https://www.chess.com"]
[Date "2023.12.12"]
[Round "5"]
[White "Adamczyk, Zuzanna"]
[Black "Sai Han Thiha"]
[Result "0-1"]
[Board "155"]
[TimeControl "180+1"]
[WhiteFideId "1187570"]
[BlackFideId "13012290"]
[WhiteElo "2345"]
[BlackElo "2510"]
[WhiteTeam "POL"]
[BlackTeam "MYA"]
[WhiteClock "0:00:00"]
[BlackClock "0:00:03"]

1. d4 Nf6 2. Nf3 g6 3. g3 Bg7 4. Bg2 O-O 5. O-O d6 6. c4 c6 7. Nc3 Qa5 8. e4 Bg4 9. h3 Bxf3 10. Bxf3 e5 11. d5 cxd5 12. exd5 Nbd7 13. Qd2 a6 14. b3 Ne8 15. Ne4 Qxd2 16. Bxd2 f5 17. Nc3 e4 18. Be2 Ne5 19. Rfc1 Nf6 20. Rab1 Rac8 21. Na4 Nfd7 22. b4 Nxc4 23. Bxc4 b5 24. Bf1 bxa4 25. Bxa6 Rxc1+ 26. Rxc1 Ne5 27. b5 Nf3+ 28. Kg2 Nxd2 29. b6 Bd4 30. Rd1 Bxb6 31. Rxd2 Ra8 32. Bb7 Rb8 33. Bc6 Bc5 34. Bxa4 Kf7 35. Bb3 Kf6 36. Rc2 Ke5 37. Kf1 Rb4 38. Ke2 g5 39. h4 h6 40. hxg5 hxg5 41. Rc4 Rb8 42. f3 e3 43. f4+ gxf4 44. gxf4+ Kf6 45. Rxc5 dxc5 46. Kxe3 Ke7 47. Kd3 Kd6 0-1

[Event "December 12 Early 2023"]
[Site "https://www.chess.com"]
[Date "2023.12.12"]
[Round "5"]
[White "Buscar, Michael"]
[Black "Durucay, Uygar"]
[Result "0-1"]
[Board "156"]
[TimeControl "180+1"]
[WhiteFideId "2603616"]
[BlackFideId "44591560"]
[WhiteElo "2335"]
[BlackElo "2504"]
[WhiteTeam "CAN"]
[BlackTeam "TUR"]
[WhiteClock "0:00:25"]
[BlackClock "0:00:06"]

1. Nf3 Nf6 2. g3 d5 3. Bg2 c6 4. O-O Bg4 5. c4 e6 6. b3 Nbd7 7. Bb2 Bd6 8. d3 O-O 9. Nbd2 e5 10. Qc2 Re8 11. e4 dxe4 12. dxe4 Qc7 13. h3 Bh5 14. g4 Bg6 15. Nh4 a5 16. Nf5 Bf8 17. Nf3 Nc5 18. Rfe1 h5 19. N3h4 hxg4 20. Nxg6 fxg6 21. Nh4 Qc8 22. Nxg6 gxh3 23. Bf3 Bd6 24. Kh2 Kf7 25. Rg1 Qe6 26. Rg3 Nh7 27. Rag1 Qf6 28. Bh5 Kg8 29. Qe2 Ne6 30. Qg4 Nhg5 31. Nh4 Qxf2+ 32. Kh1 Qxb2 33. Nf5 Bc5 34. Bxe8 Bxg1 35. Rxg1 Rxe8 36. Qh5 Kf8 37. Nd6 Rd8 38. Qh8+ Ke7 39. Nf5+ Kd7 40. Qh4 Kc7 41. Qe1 Rd2 42. Rf1 Rh2+ 43. Kg1 Qg2# 0-1

[Event "December 12 Early 2023"]
[Site "https://www.chess.com"]
[Date "2023.12.12"]
[Round "5"]
[White "Wanyama, Harold"]
[Black "Franchini, Gabriele"]
[Result "1-0"]
[Board "157"]
[TimeControl "180+1"]
[WhiteFideId "10000380"]
[BlackFideId "806790"]
[WhiteElo "2504"]
[BlackElo "2335"]
[WhiteTeam "UGA"]
[BlackTeam "ITA"]
[WhiteClock "0:01:27"]
[BlackClock "0:00:00"]

1. d4 d5 2. c4 e6 3. g3 Nf6 4. Bg2 Bb4+ 5. Bd2 Be7 6. Nf3 O-O 7. O-O c6 8. Qc2 Nbd7 9. b3 Ne4 10. Bc1 f5 11. Ne1 Bf6 12. e3 g5 13. f3 Nd6 14. Bb2 Qe7 15. Nd3 Qg7 16. Nd2 h5 17. Ba3 Be7 18. Rad1 Rf7 19. Kh1 Nxc4 20. bxc4 Bxa3 21. c5 a5 22. Qa4 Bb4 23. Nxb4 h4 24. gxh4 gxh4 25. Nd3 Qh6 26. Nf4 Nf6 27. Bh3 Bd7 28. Rg1+ Kh8 29. Rg6 Qh7 30. Rdg1 Nh5 31. Nxh5 Qxh5 32. R1g5 Qh7 33. Qd1 f4 34. e4 dxe4 35. Nxe4 e5 36. Bxd7 Rxd7 37. Nf6 Rxd4 38. Qe1 Qf7 39. Rh6+ 1-0

[Event "December 12 Early 2023"]
[Site "https://www.chess.com"]
[Date "2023.12.12"]
[Round "5"]
[White "Sarkar, Justin"]
[Black "Yashmetov, Mikhail"]
[Result "0-1"]
[Board "158"]
[TimeControl "180+1"]
[WhiteFideId "2010011"]
[BlackFideId "24198900"]
[WhiteElo "2320"]
[BlackElo "2499"]
[WhiteTeam "USA"]
[BlackTeam "RUS"]
[WhiteClock "0:00:00"]
[BlackClock "0:01:21"]

1. d4 Nf6 2. c4 e6 3. g3 d5 4. Bg2 Be7 5. Nf3 O-O 6. O-O dxc4 7. Ne5 Nc6 8. Nxc6 bxc6 9. Nc3 Rb8 10. Bxc6 Bb7 11. Bxb7 Rxb7 12. e3 c5 13. Qa4 cxd4 14. Rd1 Rd7 15. exd4 Rxd4 16. Be3 Rxd1+ 17. Rxd1 Qc7 18. Qxa7 Qxa7 19. Bxa7 Ra8 20. Be3 Bb4 21. Rd4 Bxc3 22. bxc3 Rc8 23. a4 Nd5 24. Bd2 Kf8 25. a5 Ke7 26. a6 Kd6 27. a7 Ra8 28. Rxc4 Rxa7 29. Rh4 h6 30. Rg4 g6 31. Bxh6 Nxc3 32. Be3 Ra1+ 33. Kg2 Nd5 34. Rd4 Ra2 35. Rd3 Ke5 36. h4 f5 37. Rb3 Rc2 38. Bb6 f4 39. gxf4+ Nxf4+ 40. Kg3 Rc1 0-1

[Event "December 12 Early 2023"]
[Site "https://www.chess.com"]
[Date "2023.12.12"]
[Round "5"]
[White "Tarasova, Viktoriya"]
[Black "Herman, Matthew"]
[Result "0-1"]
[Board "159"]
[TimeControl "180+1"]
[WhiteFideId "4175840"]
[BlackFideId "2028964"]
[WhiteElo "2310"]
[BlackElo "2497"]
[WhiteTeam "RUS"]
[BlackTeam "USA"]
[WhiteClock "0:00:00"]
[BlackClock "0:00:06"]

1. d4 Nf6 2. c4 g6 3. Nc3 Bg7 4. e4 d6 5. h3 O-O 6. Be3 c5 7. d5 b5 8. cxb5 a6 9. a4 Qa5 10. Bd2 Nbd7 11. Qc2 axb5 12. Bxb5 Ba6 13. Nge2 Bxb5 14. Nxb5 Qxb5 15. axb5 Rxa1+ 16. Nc1 Rb8 17. O-O Rxb5 18. Bc3 Bh6 19. Ne2 Rxf1+ 20. Kxf1 Rb8 21. f4 Nh5 22. g3 Ndf6 23. Qd3 Ra8 24. Kg2 Ra4 25. e5 Ne4 26. Qc2 Nxc3 27. Nxc3 Rb4 28. exd6 exd6 29. b3 Nf6 30. Kf3 Rd4 31. Qe2 Nxd5 32. Nxd5 Rxd5 33. Qe8+ Bf8 34. g4 Rd3+ 35. Ke4 Rxb3 36. Kd5 Rb4 37. f5 Rd4+ 38. Kc6 c4 39. fxg6 hxg6 40. Kd7 d5 41. h4 Rxg4 42. h5 gxh5 43. Qe2 Rg5 44. Qf3 Bh6 45. Qf2 Kg7 46. Qd4+ Kg6 47. Qd2 Rf5 48. Qc2 Bg5 49. Qg2 h4 50. Qh3 c3 51. Qg4 c2 52. Qg1 c1=Q 53. Qxc1 Bxc1 0-1

[Event "December 12 Early 2023"]
[Site "https://www.chess.com"]
[Date "2023.12.12"]
[Round "5"]
[White "Marcziter, Dmitrii"]
[Black "Andrews, Todd"]
[Result "0-1"]
[Board "160"]
[TimeControl "180+1"]
[WhiteFideId "13900765"]
[BlackFideId "2012456"]
[WhiteElo "2306"]
[BlackElo "2494"]
[WhiteTeam "GER"]
[BlackTeam "USA"]
[WhiteClock "0:00:00"]
[BlackClock "0:00:11"]

1. d4 Nf6 2. c4 c5 3. d5 b5 4. cxb5 a6 5. b6 e6 6. Nc3 Nxd5 7. Nxd5 exd5 8. Qxd5 Nc6 9. Nf3 Rb8 10. e4 Be7 11. Bc4 O-O 12. O-O Rxb6 13. Qh5 Nd4 14. Nxd4 cxd4 15. b3 Bb7 16. Re1 Rg6 17. Bf4 Bb4 18. Re2 Bc3 19. Rd1 Re8 20. Bd5 Bc6 21. a4 Qf6 22. Bg3 Rg5 23. Bxf7+ Kh8 24. Bh4 Ree5 25. Bxg5 Rxg5 26. Qh3 Qxf7 27. f4 Rg6 28. Rf1 Rh6 29. Qg3 Qxb3 30. Qg5 Qg8 31. f5 d3 32. Ree1 Bd4+ 33. Kh1 Be5 34. g3 Rf6 35. Rf3 Qc4 36. Qd2 Bxe4 37. Rxe4 Qxe4 38. Kg2 d5 39. Kf2 Bd4+ 40. Kg2 Qe2+ 41. Qxe2 dxe2 42. Rb3 h6 43. Rb8+ Kh7 44. Re8 Rxf5 45. Rxe2 Re5 46. Rd2 Be3 47. Rd3 d4 48. Kf3 Ra5 49. Ra3 Kg6 50. h4 Kf5 51. g4+ Ke5 52. h5 Kd5 53. g5 hxg5 54. Kg4 Kc4 0-1

[Event "December 12 Early 2023"]
[Site "https://www.chess.com"]
[Date "2023.12.12"]
[Round "5"]
[White "Antonio, Jorge Carlos"]
[Black "Chernomordik, Pavel"]
[Result "1-0"]
[Board "161"]
[TimeControl "180+1"]
[WhiteFideId "113190"]
[BlackFideId "2804530"]
[WhiteElo "2301"]
[BlackElo "2494"]
[WhiteTeam "ARG"]
[BlackTeam "ISR"]
[WhiteClock "0:00:36"]
[BlackClock "0:00:06"]

1. e4 g6 2. d4 Bg7 3. Nf3 d6 4. c4 Bg4 5. Nc3 Bxf3 6. gxf3 Nc6 7. Be3 e5 8. dxe5 dxe5 9. Qxd8+ Nxd8 10. Bh3 c6 11. Ke2 Ne6 12. Bxe6 fxe6 13. Na4 b6 14. c5 b5 15. Nc3 Nf6 16. b4 a5 17. a3 Nh5 18. Rhd1 Nf4+ 19. Kf1 Rd8 20. bxa5 Ke7 21. a4 b4 22. Na2 b3 23. Nb4 Rc8 24. a6 Kf6 25. Rab1 Rb8 26. Nxc6 Rbc8 27. Nb4 Bf8 28. Rdc1 Be7 29. Rxb3 Rb8 30. a7 Rb7 31. c6 Rxb4 32. Rxb4 Bxb4 33. c7 Rc8 34. Rb1 Nd3 35. Rb3 Bd6 36. Rb8 1-0

[Event "December 12 Early 2023"]
[Site "https://www.chess.com"]
[Date "2023.12.12"]
[Round "5"]
[White "Nasybullina, Alfia"]
[Black "Spichkin, Alexander"]
[Result "1-0"]
[Board "162"]
[TimeControl "180+1"]
[WhiteFideId "4132416"]
[BlackFideId "4144074"]
[WhiteElo "2282"]
[BlackElo "2490"]
[WhiteTeam "KAZ"]
[BlackTeam "RUS"]
[WhiteClock "0:00:25"]
[BlackClock "0:02:02"]

1. d4 e6 2. Nf3 f5 3. Nc3 Bb4 4. a3 Bxc3+ 5. bxc3 Nf6 6. Bg5 b6 7. e3 Bb7 8. Bd3 O-O 9. c4 Qe8 10. Rb1 Ne4 11. Bxe4 Bxe4 12. Bf4 d6 13. c5 bxc5 14. dxc5 Qa4 15. c3 Bxb1 16. Qxa4 e5 17. Bg3 Bd3 18. cxd6 cxd6 19. Kd2 e4 20. Nd4 Na6 21. Bxd6 Rfd8 22. Bb4 Rac8 23. Rd1 f4 24. Ke1 fxe3 25. Rxd3 exd3 26. Qxa6 d2+ 27. Kd1 exf2 28. Qe2 Re8 29. Qxf2 Re1+ 30. Kxd2 Ree8 31. Qf5 Rf8 32. Qd5+ Kh8 33. Bxf8 Rxf8 34. Ne6 Rg8 35. Ng5 g6 36. Qe5+ Rg7 37. Ne6 Kg8 38. Qxg7# 1-0

[Event "December 12 Early 2023"]
[Site "https://www.chess.com"]
[Date "2023.12.12"]
[Round "5"]
[White "Baches Garcia, Guillermo"]
[Black "Cardozo Munar, Carlos Eduardo"]
[Result "1-0"]
[Board "163"]
[TimeControl "180+1"]
[WhiteFideId "2209764"]
[BlackFideId "4409477"]
[WhiteElo "2489"]
[BlackElo "2274"]
[WhiteTeam "ESP"]
[BlackTeam "COL"]
[WhiteClock "0:00:17"]
[BlackClock "0:00:20"]

1. d4 d5 2. Nf3 c6 3. Bf4 e6 4. e3 Bd6 5. Ne5 Ne7 6. Bd3 Ng6 7. Qh5 Bxe5 8. Bxg6 Bxf4 9. Bxf7+ Kf8 10. exf4 Qf6 11. Be8 Ke7 12. Nd2 Rxe8 13. Qxh7 Nd7 14. Nf3 Nf8 15. Qh4 Qxh4 16. Nxh4 Bd7 17. g3 Kd6 18. Nf3 Ng6 19. O-O-O Rh8 20. h4 Rh5 21. Rhe1 a5 22. c3 a4 23. a3 b5 24. Re3 Rf5 25. Rde1 Re8 26. Ng5 Nh8 27. Kd2 Nf7 28. Nf3 Nh6 29. Ne5 Ng8 30. Nd3 Nf6 31. Nc5 Bc8 32. f3 Rh5 33. Re5 Rhh8 34. Rg5 Nh5 35. Ree5 Nf6 36. Rxg7 Reg8 37. Rgg5 Rxg5 38. fxg5 Nh5 39. g4 Nf4 40. h5 Rf8 41. g6 Ke7 42. g7 Rg8 43. h6 Ng6 44. Rg5 Kf6 45. f4 Nh8 46. gxh8=Q+ Rxh8 47. Rh5 Kg6 48. Ke3 Rh7 49. Rh2 Rh8 50. Nd3 Kh7 51. Ne5 Bb7 52. g5 Rg8 53. g6+ Kh8 54. Nf7# 1-0

[Event "December 12 Early 2023"]
[Site "https://www.chess.com"]
[Date "2023.12.12"]
[Round "5"]
[White "Shukhman, Anna"]
[Black "Ratnesan, Ranesh"]
[Result "1-0"]
[Board "164"]
[TimeControl "180+1"]
[WhiteFideId "54180058"]
[BlackFideId "439339"]
[WhiteElo "2479"]
[BlackElo "2251"]
[WhiteTeam "FID"]
[BlackTeam "ENG"]
[WhiteClock "0:00:04"]
[BlackClock "0:00:03"]

1. e4 c5 2. Nf3 d6 3. d4 cxd4 4. Nxd4 Nf6 5. Nc3 a6 6. Qd3 e5 7. Nf5 Bxf5 8. exf5 d5 9. Bg5 e4 10. Bxf6 exd3 11. Bxd8 Kxd8 12. Bxd3 d4 13. Ne2 Nc6 14. Be4 Bb4+ 15. c3 dxc3 16. bxc3 Bc5 17. O-O-O+ Kc7 18. Nf4 Rad8 19. Nd5+ Kb8 20. f3 Rhe8 21. Kc2 Re5 22. Nf4 Ree8 23. Nh5 Bf8 24. g4 Ne5 25. Rb1 Rd7 26. Rhd1 Rc7 27. Bd5 Rec8 28. Rb3 b5 29. Re1 Nc6 30. Kb1 Na5 31. Rb2 Rxc3 32. Be4 Nc4 33. Rbe2 Ba3 34. Bc2 Bb4 35. Bb3 Na5 36. Re8 Nxb3 37. axb3 Rxb3+ 38. Ka2 Rxf3 39. Rxc8+ Kxc8 40. Re8+ Kd7 41. Ra8 g6 42. Nf6+ Ke7 43. Nxh7 a5 44. Ra7+ Kd8 45. Rxf7 gxf5 46. gxf5 Rf2+ 47. Kb3 Rf3+ 48. Kc2 Rf2+ 49. Kd3 Rxh2 50. Ng5 a4 51. Ne6+ Ke8 52. Ra7 a3 53. f6 Bd6 54. f7# 1-0